 Dungeon Crawl Stone Soup version 0.28.0-53-g5a82cb258f (webtiles) character file.

Game seed: 13196524600747613040

215 Zeld the Magician (level 5, -3/28 HPs)
             Began as a Deep Elf Fire Elementalist on May 22, 2022.
             Shot with an arrow by a centaur (7 damage)
             ... on level 4 of the Dungeon.
             The game lasted 00:02:51 (2243 turns).

Zeld the Magician (Deep Elf Fire Elementalist)      Turns: 2243, Time: 00:02:52

Health: -3/28      AC:  7    Str:  5    XL:     5   Next: 60%
Magic:  6/14       EV:  9    Int: 26    God:
Gold:   47         SH:  0    Dex: 15    Spells: 8/14 levels left

rFire   . . .      SeeInvis .   k - +1 quarterstaff of Prescription {freeze, rN+ Will+ Int+4}
rCold   . . .      Faith    .   (shield currently unavailable)
rNeg    + . .      Spirit   .   q - +2 ring mail {rPois}
rPois   +          Reflect  .   (no helmet)
rElec   .          Harm     .   (no cloak)
rCorr   .          Rampage  .   (no gloves)
Will    +....                   (no boots)
Stlth   +.........              (no amulet)
HPRegen 0.09/turn               (no ring)
MPRegen 0.14/turn               (no ring)

@: no status effects
A: no striking features
a: no special abilities


You were on level 4 of the Dungeon.
You visited 1 branch of the dungeon, and saw 5 of its levels.

You collected 47 gold pieces.

Inventory:

Hand Weapons
 k - the +1 quarterstaff of Prescription (weapon) {freeze, rN+ Will+ Int+4}
   (You found it on level 4 of the Dungeon)

   It freezes those it strikes, dealing additional cold damage.
   It can also slow down cold-blooded creatures.
   Int:       It affects your intelligence (+4).
   rN:        It protects you from negative energy.
   Will:      It increases your willpower.
Armour
 q - a +2 ring mail of poison resistance (worn)
Scrolls
 a - a scroll of amnesia {unknown}
 b - 4 scrolls of identify {unknown}
 d - a scroll of noise {unknown}
 e - a scroll of blinking {unknown}
 g - a scroll of magic mapping {unknown}
 j - a scroll of teleportation {unknown}
Potions
 c - a potion of attraction {unknown}
 f - a potion of lignification
 h - a potion of berserk rage {unknown}
 i - a potion of curing {unknown}


   Skills:
 - Level 2.4 Dodging
 - Level 2.4 Stealth
 * Level 5.3 Spellcasting
 + Level 2.6 Conjurations
 - Level 2.0 Hexes
 * Level 5.0 Fire Magic


You had 8 spell levels left.
You knew the following spells:

 Your Spells              Type           Power      Damage    Failure   Level
a - Foxfire               Conj/Fire      100%       2x1d9     8%          1
b - Scorch                Fire           66%        2d8       7%          2
c - Inner Flame           Hex/Fire       25%        N/A       26%         3

Your spell library contained the following spells:

 Spells                   Type           Power      Damage    Failure   Level
 Conjure Flame            Conj/Fire      26%        6-21      22%         3
 Flame Wave               Conj/Fire      26%        2d7       58%         4


Dungeon Overview and Level Annotations

Branches:
Dungeon (5/15)
 Temple: D:4-7

Altars:
Ashenzari

Annotations:
D:4 Robin


Message History

The gnoll hits you but does no damage.
Unknown command.
You hit the gnoll. You freeze the gnoll.
You kill the gnoll!
Your Fire Magic skill increases to level 5!
Unknown command.
You barely miss the goblin.
The goblin hits you but does no damage. x2
Unknown command.
You miss the goblin. The goblin barely misses you.
Unknown command.
You sock the goblin! You freeze the goblin.
You kill the goblin!
Unknown command.
Unknown command.
You completely miss the orc.
The orc is severely wounded.
Your transformation is almost over.
The orc hits you but does no damage. x2
Unknown command.
You hit the orc. You freeze the orc.
You kill the orc!
Unknown command.
You hit the hobgoblin. You freeze the hobgoblin.
You kill the hobgoblin!
Unknown command.
Casting: Scorch (safe; 1% risk of failure)
Confirm with . or Enter, or press ? or * to list all spells.
You can't see any susceptible monsters within range! (Use Z to cast anyway.)
You start resting.
You feel less wooden.
Your +2 ring mail of poison resistance unmelds from your body.
You feel resistant to poison.
You start resting.
A centaur is nearby!
A centaur is nearby!
A centaur is nearby!
The centaur shouts!
The centaur wields a +0 shortbow.
The centaur shoots an arrow.
The arrow hits you!
You die...

### #.# #.# #..
#.# #.# #@# #.#
#.# #.# # #)#
####.# #.# #...
#.######.####
#c..og......#
###########.##.#


You could see a centaur.

Vanquished Creatures
  A necrophage (D:4)
  2 gnolls
  4 adders
  2 ufetubi (D:4)
  A worm (D:2)
  A dart slug (D:2)
  2 orcs (D:4)
  6 ball pythons
  2 bats (D:1)
  4 endoplasms
  A giant cockroach (D:2)
  6 goblins
  8 hobgoblins
  A jackal (D:2)
  4 kobolds
  3 quokkas
  3 frilled lizards
  2 rats
53 creatures vanquished.

Vanquished Creatures (others)
  101 foxfires
101 creatures vanquished.

Grand Total: 154 creatures vanquished

Notes
Turn   | Place    | Note
-------+----------+-------------------------------------------
     0 | D:1      | Zeld the Deep Elf Fire Elementalist began the quest for the
                  | Orb.
     0 | D:1      | Reached XP level 1. HP: 10/10 MP: 6/6
   214 | D:1      | Reached XP level 2. HP: 15/15 MP: 4/8
   224 | D:1      | Learned a level 2 spell: Scorch
   909 | D:2      | Reached XP level 3. HP: 19/19 MP: 5/10
   913 | D:2      | Learned a level 3 spell: Inner Flame
  1842 | D:2      | Reached XP level 4. HP: 20/24 MP: 7/12
  1981 | D:3      | You fall into a shaft and drop 2 floors!
  1981 | D:5      | Entered Level 5 of the Dungeon
  1981 | D:5      | Noticed a centaur
  1981 | D:5      | Found a broken altar of Ashenzari.
  2045 | D:4      | Noticed a necrophage
  2127 | D:4      | Killed a necrophage
  2128 | D:4      | Reached skill level 5 in Spellcasting
  2128 | D:4      | Reached skill level 1 in Hexes
  2128 | D:4      | Reached XP level 5. HP: 20/28 MP: 4/14
  2137 | D:4      | Identified the +1 quarterstaff of Prescription {freeze, rN+
                  | Will+ Int+4}
  2147 | D:4      | Noticed Robin
  2151 | D:4      | Noticed a centaur
  2204 | D:4      | HP: 2/42 [gnoll/+0 whip (2)]
  2212 | D:4      | Reached skill level 5 in Fire Magic
  2243 | D:4      | Shot with an arrow by a centaur

Illustrated notes

Levels and vault maps discovered:
D:1:      lightli_arrival_maybe_door_vault, layout_rooms
D:2:      layout_basic, minmay_tetromino_i4
D:3:      layout_basic, nicolae_elyvilon_peaceful_grove,
          kennysheep_orc_sif_temple, slow_altar_1,
          amethyst_overflow_temple_binary
D:4:      kennysheep_kobold_camp, layout_basic, nicolae_shop_overcharged_wands,
          uniq_robin, uniq_crazy_yiuf_cottage
D:5:      layout_loops_corners, lemuel_coloured_pillars_altar,
          evilmike_ruin_ashenzari

Skill      XL: |  1  2  3  4  5 |
---------------+----------------+-----
Spellcasting   | 4 5 |  5.3
Fire Magic     | 4 5 |  5.0
Conjurations   | 2 |  2.6
Hexes          | 1 2 |  2.0
Dodging        | |  2.4
Stealth        | |  2.4

Action                   |  1- 3 |  4- 6 || total
-------------------------+-------+-------++-------
Melee: Unarmed           |    15 |       ||    15
       Quarterstaff      |       |    32 ||    32
 Cast: Foxfire           |    56 |       ||    56
       Scorch            |    22 |    15 ||    37
  Use: Potion            |       |     1 ||     1
 Stab: Sleeping          |     1 |       ||     1
Armor: Robe              |     3 |       ||     3
       Ring mail         |     5 |    29 ||    34
       Skin              |       |    14 ||    14
Dodge: Dodged            |    14 |    41 ||    55
